 Dungeon Crawl Stone Soup version 0.17-a0-1769-g54adf96 (webtiles) character file.

8296 patman the Orthodox (level 11, -2/60 HPs)
             Began as a Vine Stalker Wanderer on Sept 5, 2015.
             Was an Elder of Zin.
             Hit by a javelin thrown by Urug (8 damage)
             ... on level 10 of the Dungeon on Sept 7, 2015.
             The game lasted 00:35:04 (7427 turns).

patman the Orthodox (Vine Stalker Wanderer)         Turns: 7427, Time: 00:35:05

Health: -2/60      AC: 16    Str: 19    XL:     11   Next: 28%
Magic:  0/18       EV: 14    Int: 12    God:    Zin [****..]
Gold:   42         SH:  0    Dex: 16    Spells: 3 memorised, 3 levels left

rFire  . . .     SeeInvis .     a - +0 quarterstaff
rCold  . . .     Clarity  .     y - +4 scale mail
rNeg   + . .     SustAt   .     (no shield)
rPois  .         Gourm    .     (no helmet)
rElec  .         Spirit   +     B - +2 cloak {MR+}
rCorr  .         Warding  .     O - +1 pair of gloves
rMut   .         Stasis   .     D - +0 pair of boots
MR     ++...                    C - amulet of regeneration
Stlth  ..........               j - +3 ring of strength
                                J - ring of positive energy

@: short of breath, very resistant to hostile enchantments, extremely unstealthy
A: fangs 3, regeneration 2, magic shield, antimagic bite, no device heal 3, rot
immunity
a: Donate Gold, Recite, Vitalisation, Imprison, Renounce Religion


You were on level 10 of the Dungeon.
You worshipped Zin.
Zin was greatly pleased with you.
You were not hungry.

You visited 1 branch of the dungeon, and saw 10 of its levels.

You collected 458 gold pieces.
You spent 371 gold pieces at shops.
You donated 45 gold pieces to Zin.

Inventory:

Hand weapons
 a - a +0 quarterstaff (weapon)
 c - a +0 spear
 d - a +0 blowgun
Missiles
 g - 80 poisoned needles
 n - 5 tomahawks of returning (quivered)
 P - a throwing net
Armour
 u - a +0 plate armour
 y - a +4 scale mail (worn)
 B - a +2 cloak of magic resistance (worn)
 D - a +0 pair of boots (worn)
 N - the +0 robe of Sloth {Regen+, unknown}
   (You found it on level 10 of the Dungeon)

   It increases your rate of regeneration.
 O - a +1 pair of gloves (worn)
Jewellery
 j - a +3 ring of strength (right hand)
 z - a +2 ring of strength
 C - an amulet of regeneration (around neck)
 G - an uncursed amulet of stasis
 J - a ring of positive energy (left hand)
Magical devices
 x - a wand of hasting (2)
Scrolls
 b - 9 scrolls of teleportation
 e - a scroll of enchant weapon
 h - a scroll of fear
 i - 5 scrolls of remove curse
 o - a scroll of blinking {unknown}
 s - a scroll of magic mapping
 F - a scroll of fog
 H - a scroll of noise {unknown}
 I - a scroll of summoning
 K - a scroll of random uselessness {unknown}
 L - a scroll of immolation {unknown}
 R - a scroll of acquirement {unknown}
Potions
 f - 4 potions of curing
 l - a potion of cure mutation
 q - 2 potions of flight
 r - 3 potions of brilliance
 v - a potion of agility
 w - a potion of cancellation {unknown}
 A - 2 potions of resistance {unknown}
 E - a potion of invisibility
Comestibles
 k - 9 bread rations
 m - a beef jerky
 p - 4 meat rations
 M - 5 fruits


   Skills:
 - Level 8.0 Fighting
 - Level 6.4 Staves
 - Level 2.2 Armour
 + Level 7.7 Dodging
 - Level 1.2 Stealth
 - Level 2.1 Spellcasting
   Level 1.0 Necromancy
   Level 2.0 Fire Magic
 * Level 9.1 Invocations
 - Level 1.0 Evocations


You had 3 spell levels left.
You knew the following spells:

 Your Spells              Type           Power        Failure   Level  Hunger
b - Blink                 Tloc           N/A          94%         2    ###....
C - Controlled Blink      Tloc           N/A          100%        7    #######
M - Repel Missiles        Chrm/Air       #.....       94%         2    ###....


Dungeon Overview and Level Annotations

Branches:
Dungeon (10/15)            Temple (0/1) D:6
   Lair: D:8-11         Orc: D:9-12

Altars:
Ashenzari
Cheibriados
Dithmenos
Fedhas
Gozag
Okawaru
Ru
Sif Muna
Trog
Vehumet
Yredelemnul
Zin

Shops:
D:4 (   D:5 [   D:8 :}?*

Annotations:
D:10 Urug


Innate Abilities, Weirdness & Mutations

You have razor-sharp teeth.
You heal very quickly.
When hurt, damage is shared between your health and your magic reserves.
Your bite disrupts and absorbs the magic of your enemies.
Potions and wands cannot restore your health.
You are immune to rotting.


Message History

The orc hits the orc.
All of the chunks of flesh in your inventory have rotted away.
Unknown command.
Unknown command.
You hit Urug but do no damage. Your bite misses Urug.
Urug is almost dead.
Urug hits you with a long sword!
* * * LOW HITPOINT WARNING * * *
The orc misses the orc.
Unknown command.
Unknown command.
You barely miss Urug.
Urug is almost dead.
Urug hits you with a long sword!!
* * * LOW HITPOINT WARNING * * *
The orc closely misses the orc.
Unknown command.
Unknown command.
Urug throws a javelin.
The javelin hits you!
You die...

#. ..# ###.####.#
.......#.##
#..#....######
#.....<..))..#########
#.......####.#.5.....#
...###.#.##
#.........# ..####.#.#
###.##....###
....<..#.# #@#.......#
########+# #)#.......#
#o#.......#
#o###...### #oo.....#
...####o..#.##
..%'.......>#
...##.....#.#### ...
#.##.......#


You could see Urug, a crimson imp (confused) and 4 orcs.

Vanquished Creatures
  An unseen horror (D:10)
  2 hill giants (D:10)
  A troll (D:10)
  A two-headed ogre (D:9)
  A wyvern (D:10)
  11 yaks (D:10)
  A spriggan (D:7)
  A hippogriff (D:9)
  A deep elf mage (D:10)
  A hungry ghost (D:9)
  A steam dragon (D:10)
  3 sky beasts
  7 ogres
  A phantom (D:4)
  4 orc warriors
  The ghost of Medved the Chiller, an average DgIE (D:3)
  2 centaurs
  A big kobold (D:10)
  3 giant frogs
  3 killer bees (D:10)
  5 scorpions
  A wight (D:10)
  5 crimson imps
  2 jellies
  A centaur zombie (D:6)
  6 hounds
  Crazy Yiuf (D:4)
  3 orc priests
  3 centaur skeletons
  4 giant frog skeletons
  11 worker ants
  2 iguanas
  7 orc wizards
  A hound zombie (D:7)
  18 adders
  6 gnolls
  3 shadow imps
  An ooze (D:2)
  3 worms
  3 giant geckos
  35 orcs
  9 bats
  4 giant cockroaches
  9 hobgoblins
  14 jackals
  7 quokkas
  A ball python (D:3)
  A giant gecko skeleton (D:7)
  A giant gecko zombie (D:5)
  12 giant newts
  7 goblins
  11 kobolds
  A quokka zombie (D:5)
  7 rats
252 creatures vanquished.

Vanquished Creatures (others)
  A quokka (D:10)
1 creature vanquished.

Grand Total: 253 creatures vanquished

Notes
Turn   | Place    | Note
--------------------------------------------------------------
     0 | D:1      | patman the Vine Stalker Wanderer began the quest for the Orb.
     0 | D:1      | patman set off with: a book of Minor Magic, a scroll of teleportation, a +0 spear, a +0 robe, a bread ration
     0 | D:1      | Reached XP level 1. HP: 11/11 MP: 4/4
   298 | D:1      | Reached XP level 2. HP: 12/15 MP: 6/6
   724 | D:2      | Reached XP level 3. HP: 16/18 MP: 7/7
   799 | D:2      | Found a snail-covered altar of Cheibriados.
   845 | D:2      | Reached skill level 1 in Staves
   906 | D:2      | Found a shadowy altar of Dithmenos.
  1144 | D:2      | You fall through a shaft!
  1149 | D:3      | Noticed an ogre
  1150 | D:3      | Reached XP level 4. HP: 21/23 MP: 8/8
  1223 | D:3      | Noticed an orc warrior
  1589 | D:3      | Reached skill level 3 in Staves
  1691 | D:3      | Killed an ogre
  1691 | D:3      | Reached skill level 4 in Staves
  1691 | D:3      | Reached XP level 5. HP: 20/26 MP: 6/9
  1796 | D:3      | Found a glowing silver altar of Zin.
  1806 | D:3      | Became a worshipper of Zin the Law-Giver
  1806 | D:3      | Acquired Zin's first power
  1996 | D:3      | Noticed a scorpion
  2000 | D:3      | Gained mutation: You heal very quickly. [Vine Stalker growth]
  2000 | D:3      | Reached XP level 6. HP: 30/30 MP: 10/10
  2008 | D:3      | Killed a scorpion
  2084 | D:3      | Noticed Medved's ghost (average DgIE)
  2089 | D:3      | Reached skill level 5 in Staves
  2277 | D:3      | Killed an orc warrior
  2390 | D:3      | Killed Medved's ghost
  2390 | D:3      | Reached XP level 7. HP: 30/34 MP: 11/11
  2433 | D:4      | Reached skill level 6 in Staves
  2551 | D:4      | Found Qiety's Antique Weapon Boutique.
  2715 | D:4      | Noticed Crazy Yiuf
  2721 | D:4      | Killed Crazy Yiuf
  2772 | D:4      | Reached skill level 1 in Dodging
  2838 | D:4      | Acquired Zin's second power
  2843 | D:4      | Found a shattered altar of Ashenzari.
  3040 | D:4      | Gained mutation: You have razor-sharp teeth. [Vine Stalker growth]
  3040 | D:4      | Reached XP level 8. HP: 20/40 MP: 7/12
  3235 | D:5      | Entered Level 5 of the Dungeon
  3287 | D:5      | Found Suapsuy's Armour Shop.
  3602 | D:5      | Found a blossoming altar of Fedhas.
  3603 | D:5      | Found a basalt altar of Yredelemnul.
  3605 | D:5      | Found an iron altar of Okawaru.
  3607 | D:5      | Found a sacrificial altar of Ru.
  3647 | D:5      | Reached skill level 1 in Invocations
  3988 | D:6      | Reached XP level 9. HP: 44/46 MP: 13/13
  4109 | D:6      | Reached skill level 5 in Invocations
  4148 | D:6      | Found a staircase to the Ecumenical Temple.
  4205 | D:6      | Acquired Zin's third power
  4994 | D:7      | Reached skill level 7 in Invocations
  5245 | D:8      | Found a radiant altar of Vehumet.
  5398 | D:8      | Found Pedop's Book Emporium.
  5422 | D:8      | Found Neuph's Magic Scroll Shoppe.
  5430 | D:8      | Bought a scroll of identify for 28 gold pieces
  5430 | D:8      | Upgraded the game from 0.17-a0-1763-g847a857 to 0.17-a0-1769-g54adf96
  5433 | D:8      | Bought 2 scrolls of enchant armour for 210 gold pieces
  5433 | D:8      | Bought a scroll of summoning for 133 gold pieces
  5514 | D:8      | Found an opulent altar of Gozag.
  5570 | D:8      | Found Diceplit's Assorted Antiques.
  5609 | D:8      | Found a blossoming altar of Fedhas.
  5720 | D:8      | Found Enyn's Gadget Emporium.
  5948 | D:9      | Found a deep blue altar of Sif Muna.
  5994 | D:9      | Reached skill level 5 in Fighting
  6047 | D:9      | Found a bloodstained altar of Trog.
  6055 | D:9      | Reached XP level 10. HP: 48/51 MP: 16/16
  6099 | D:9      | Learned a level 2 spell: Blink
  6102 | D:9      | Learned a level 2 spell: Repel Missiles
  6110 | D:9      | Learned a level 7 spell: Controlled Blink
  6210 | D:9      | Reached skill level 5 in Dodging
  6665 | D:10     | Entered Level 10 of the Dungeon
  6756 | D:10     | Noticed a hill giant
  6783 | D:10     | Killed a hill giant
  6785 | D:10     | Noticed a hill giant
  6900 | D:10     | Killed a hill giant
  6988 | D:10     | Got a tattered robe
  7089 | D:10     | Reached skill level 8 in Fighting
  7089 | D:10     | Reached XP level 11. HP: 55/60 MP: 14/17
  7384 | D:10     | Killed an unseen horror
  7384 | D:10     | Reached skill level 9 in Invocations
  7390 | D:10     | Noticed Urug
  7427 | D:10     | Hit by a javelin thrown by Urug

Vault maps used:
D:1:      minmay_arrival_semitransparent
D:2:      nicolae_dithmenos_shadow_blocks, nicolae_overflow_crystal_walls
D:3:      zin_statuary
D:4:      nicolae_overflow_hidden_temple, ashenzari_conservatory_becter,
          serial_shops, shop, grunt_ministairs_14, uniq_crazy_yiuf_cottage
D:5:      minitemple, first_bread, serial_shops, nicolae_shop_window_shopping
D:6:      temple_doors_e
D:7:      minmay_misc_feat_rugged, the_bakery
D:8:      grunt_gozag_breadcrumbs, lemuel_crystal_altar, serial_shops, shop,
          shop, shop, nicolae_shop_crystal, fedhas_altar_fruit_tree
D:9:      old_standard_altar, trog_hazing_becter
D:10:     david_orc_1_choice, elyvilon_altar_4, uniq_urug, uniq_nergalle

Action                   |  1- 3 |  4- 6 |  7- 9 | 10-12 || total
-------------------------+-------+-------+-------+-------++-------
Melee: Spear             |    69 |       |       |       ||    69
       Quarterstaff      |    69 |   133 |   453 |   363 ||  1018
Throw: Tomahawk          |       |     1 |     3 |     1 ||     5
Invok: Recite            |       |       |     8 |     9 ||    17
  Use: Scroll            |       |     1 |    17 |       ||    18
 Stab: Sleeping          |     3 |       |       |       ||     3
       Confused          |       |       |     4 |       ||     4
       Invisible         |       |       |       |     1 ||     1
  Eat: Chunk             |     1 |     2 |    10 |     2 ||    15
       Beef jerky        |       |     1 |       |       ||     1
       Pizza             |       |       |     1 |       ||     1
       Meat ration       |       |       |     1 |     1 ||     2
       Royal jelly       |       |       |     1 |       ||     1
       Fruit             |       |       |       |     2 ||     2
       Bread ration      |       |       |       |     1 ||     1
